 Dungeon Crawl Stone Soup version 0.24.0-13-gcf9b3192b9 (webtiles) character file.

Game seed: 12205871773055337580, levelgen mode: classic

521682 EnegeticOcto the Hand of Fortune (level 27, -2/214 HPs)
             Began as a Formicid Venom Mage on Nov 8, 2019.
             Was the Champion of Nemelex Xobeh.
             Slain by a yaktaur captain
             ... wielding a +5 vampiric hand axe
              (6 damage)
             ... on level 5 of the Vaults.
             The game lasted 02:07:22 (87195 turns).

EnegeticOcto the Hand of Fortune (FoVM)            Turns: 87195, Time: 02:07:23

Health: -2/214     AC: 33    Str: 23    XL:     27
Magic:  35/35      EV: 12    Int: 18    God:    Nemelex Xobeh [******]
Gold:   4888       SH: 19    Dex: 11    Spells: 30/30 levels left

rFire    + . .     SeeInvis +   p - +9 battleaxe (vamp)
rCold    + + .     Gourm    .   R - +0 large shield (curse)
rNeg     . . .     Faith    +   r - +13 chain mail "Canwep" {rC+ SInv}
rPois    +         Spirit   .   (helmet unavailable)
rElec    .         Reflect  .   S - scarf {rC+ rF+}
rCorr    .         Harm     .   y - +1 pair of gloves
MR       +++..                  J - +2 pair of boots {run}
Stlth    ..........             v - amulet of faith
HPRegen  0.45/turn              B - ring of poison resistance
MPRegen  0.24/turn              U - ring "Oduaso" {Str+2 Slay+2 Stlth+}

@: heavily drained, quick
A: permanent stasis, dig shafts and tunnels, four strong arms, antennae 3,
yellow scales 1, frail 1, low mp 1, magic resistance 1, weak 1
}: 2/15 runes: decaying, gossamer
a: Dig, Shaft Self, Draw Escape, Draw Destruction, Draw Summoning, Draw Stack,
Triple Draw, Deal Four, Stack Five, Renounce Religion


You were on level 5 of the Vaults.
You worshipped Nemelex Xobeh.
Nemelex Xobeh was exalted by your worship.
You were near starving.

You visited 8 branches of the dungeon, and saw 44 of its levels.
You also visited: Volcano.

You collected 5925 gold pieces.
You spent 1037 gold pieces at shops.

Inventory:

Hand Weapons
 o - the +8 frozen axe "Frostbite" {freezing cloud, *Noise +Fly rC+}
   (You took it off a deep elf annihilator on level 3 of the Elven Halls)

   It has been specially enchanted to freeze those struck by it, causing extra
   injury to most foes and up to half again as much damage against particularly
   susceptible opponents.
   It can also slow down cold-blooded creatures.
   It protects you from cold.
   It lets you fly.
   It may make noises in combat.
 p - a +9 vampiric battleaxe (weapon)
 Z - the +7 great mace "Firestarter" {inner flame, rF++}
   (You took it off a deep elf annihilator on level 3 of the Elven Halls)

   It has been specially enchanted to burn those struck by it, causing extra
   injury to most foes and up to half again as much damage against particularly
   susceptible opponents.
   It greatly protects you from fire.
Missiles
 u - 2 throwing nets (quivered) {!f}
Armour
 r - the +13 chain mail "Canwep" (worn) {rC+ SInv}
   (You found it on level 3 of the Vaults)

   It protects you from cold.
   It lets you see invisible.
 y - a +1 pair of gloves (worn)
 J - a +2 pair of boots of running (worn)
 R - a cursed +0 large shield (worn)
 S - a scarf of resistance (worn)
Jewellery
 v - an amulet of faith (around neck)
 B - a ring of poison resistance (left hand)
 Q - the ring of Gala {rC+ rN++}
   (You took it off a deep elf annihilator on level 3 of the Elven Halls)

   [ring of protection from cold]

   It protects you from cold.
   It greatly protects you from negative energy.
 U - the ring "Oduaso" (right hand) {Str+2 Slay+2 Stlth+}
   (You bought it in a shop on level 2 of the Orcish Mines)

   [ring of stealth]

   It affects your strength (+2).
   It affects your accuracy and damage with ranged weapons and melee attacks
   (+2).
   It makes you more stealthy.
 V - an uncursed ring of resist corrosion
Wands
 l - a wand of iceblast (17)
 n - a wand of acid (1)
 x - a wand of disintegration (18)
 z - a wand of enslavement (7)
 A - a wand of digging (28)
 Y - a wand of scattershot (2)
Scrolls
 c - 12 scrolls of fog {!r}
 d - 2 scrolls of identify {@r1}
 i - a scroll of summoning
 j - 12 scrolls of enchant armour
 k - 5 scrolls of immolation
 m - 17 scrolls of remove curse {@r2}
 t - 7 scrolls of fear {!r}
 I - a scroll of holy word
 K - a scroll of silence
 M - 4 scrolls of magic mapping {@r5 !r}
 P - a scroll of torment
 X - 3 scrolls of vulnerability
Potions
 a - 7 potions of brilliance
 b - a potion of cancellation
 f - 4 potions of curing {@q1 !q}
 g - 7 potions of might {@q3 !q}
 q - a potion of magic
 s - 7 potions of agility {@q5 !q}
 w - 9 potions of flight
 E - 6 potions of mutation
 F - 9 potions of ambrosia
 G - 2 potions of heal wounds {@q2 !q}
 H - 2 potions of lignification {@q6}
 L - 2 potions of resistance
 W - a potion of invisibility
Miscellaneous
 h - 2 sacks of spiders
 C - a phial of floods
 D - a lamp of fire
 O - 3 phantom mirrors
 T - 2 boxes of beasts
Comestibles
 e - 30 rations


   Skills:
 + Level 24.2(21.9) Fighting
 - Level 20.0(17.9) Axes
 - Level 15.0(13.1) Armour
 - Level 12.0(10.2) Dodging
 - Level 2.4(1.0) Stealth
 - Level 15.0(13.1) Shields
 - Level 2.1(0.8) Spellcasting
   Level 0.8(0.0) Conjurations
   Level 4.0(2.6) Poison Magic
 + Level 24.6(22.3) Invocations
 - Level 8.0(6.4) Evocations


You had 30 spell levels left.
You didn't know any spells.
Your spell library contained the following spells:

 Spells                   Type           Power        Failure   Level  Hunger
 Sting                    Conj/Pois      #...         65%         1    ##.....
 Poisonous Vapours        Pois/Air       #.....       78%         2    ###....
 Animate Skeleton         Necr           N/A          83%         1    ##.....
 Apportation              Tloc           #.....       83%         1    ##.....
 Confusing Touch          Hex            #.....       83%         1    ##.....
 Corona                   Hex            #......      83%         1    ##.....
 Flame Tongue             Conj/Fire      #....        83%         1    ##.....
 Freeze                   Ice            #...         83%         1    ##.....
 Magic Dart               Conj           #...         83%         1    ##.....
 Pain                     Necr           #...         83%         1    ##.....
 Shock                    Conj/Air       #...         83%         1    ##.....
 Summon Butterflies       Summ           #.......     83%         1    ##.....
 Summon Small Mammal      Summ           #...         83%         1    ##.....
 Call Imp                 Summ           #.......     92%         2    ###....
 Ensorcelled Hibernation  Hex/Ice        #.....       92%         2    ###....
 Passwall                 Tmut/Erth      #.......     92%         2    ###....
 Slow                     Hex            #.......     92%         2    ###....
 Swiftness                Chrm/Air       #.......     92%         2    ###....
 Throw Frost              Conj/Ice       #.....       92%         2    ###....
 Ignite Poison            Fire/Tmut/Pois #.......     97%         3    ####...
 Mephitic Cloud           Conj/Pois/Air  #.......     97%         3    ####...
 Call Canine Familiar     Summ           #.......     99%         3    ####...
 Confuse                  Hex            #.......     99%         3    ####...
 Conjure Flame            Conj/Fire      #.......     99%         3    ####...
 Dazzling Spray           Conj/Hex       #.....       99%         3    ####...
 Lesser Beckoning         Tloc           #.........   99%         3    ####...
 Ozocubu's Armour         Chrm/Ice       #.......     99%         3    ####...
 Recall                   Summ/Tloc      N/A          99%         3    ####...
 Static Discharge         Conj/Air       #.......     99%         3    ####...
 Summon Guardian Golem    Hex/Summ       #.......     99%         3    ####...
 Tukima's Dance           Hex            #.......     99%         3    ####...
 Olgreb's Toxic Radiance  Pois           ##......     99%         4    #####..
 Airstrike                Air            #.........   100%        4    #####..
 Animate Dead             Necr           N/A          100%        4    #####..
 Cause Fear               Hex            #.........   100%        4    #####..
 Leda's Liquefaction      Hex/Erth       #.........   100%        4    #####..
 Summon Ice Beast         Ice/Summ       #.......     100%        4    #####..
 Summon Lightning Spire   Summ/Air       #.......     100%        4    #####..
 Throw Icicle             Conj/Ice       #.......     100%        4    #####..
 Alistair's Intoxication  Tmut/Pois      #.......     100%        5    ######.
 Bolt of Magma            Conj/Fire/Erth #.........   100%        5    ######.
 Borgnjor's Vile Clutch   Necr/Erth      #.........   100%        5    ######.
 Dispel Undead            Necr           #.......     100%        5    ######.
 Fireball                 Conj/Fire      #.........   100%        5    ######.
 Lightning Bolt           Conj/Air       #.........   100%        5    ######.
 Silence                  Hex/Air        #.........   100%        5    ######.
 Summon Mana Viper        Hex/Summ       #.......     100%        5    ######.
 Venom Bolt               Conj/Pois      #.........   100%        5    ######.
 Bolt of Fire             Conj/Fire      #.........   100%        6    #######
 Darkness                 Hex            #.........   100%        6    #######
 Death Channel            Necr           #.........   100%        6    #######
 Invisibility             Hex            #.......     100%        6    #######
 Iron Shot                Conj/Erth      #.........   100%        6    #######
 Shadow Creatures         Summ           N/A          100%        6    #######
 Simulacrum               Ice/Necr       #.........   100%        6    #######
 Statue Form              Tmut/Erth      #........    100%        6    #######
 Dragon Form              Tmut           #.........   100%        7    #######
 Ring of Flames           Chrm/Fire      #.........   100%        7    #######
 Summon Hydra             Summ           #.........   100%        7    #######
 Ignition                 Fire           #.........   100%        8    #######
 Dragon's Call            Summ           #.........   100%        9    #######
 Shatter                  Erth           #.........   100%        9    #######
 Tornado                  Air            #.........   100%        9    #######
 Blink                    Tloc           Unusable     N/A         2    N/A

Dungeon Overview and Level Annotations

Branches:
Dungeon (15/15)            Temple (0/1) D:6            Lair (6/6) D:9
  Swamp (4/4) Lair:2       Spider (4/4) Lair:4        Slime (0/5) Lair:5
    Orc (2/2) D:12            Elf (3/3) Orc:2        Vaults (5/5) D:13
  Crypt (0/3) Vaults:2     Depths (5/5) D:15            Zot (0/5) Depths:5
Volcano (visited)

Altars:
Ashenzari
Cheibriados
Dithmenos
Elyvilon
Gozag
Makhleb
Nemelex Xobeh
Okawaru
Qazlal
Ru
Sif Muna
Trog
Vehumet
Xom
Zin
The Shining One
Beogh
Jiyva
Lugonu

Shops:
D:3 *   D:12 *   Orc:2 *:!=   Elf:1 *   Elf:2 !   Vaults:2 [   Depths:1 *

Portals:
Hell: Depths:1 Depths:2 Depths:3 Depths:4 Depths:5
Abyss: Depths:4
Pandemonium: Depths:1 Depths:3 Depths:4
Ziggurat: Depths:1
Trove: Depths:3 (give +4 shadow dragon scales)

Annotations:
Lair:4 exclusion: 4 oklob plants
Swamp:2 1 runed translucent door
Spider:3 Mara
Elf:2 5 runed translucent doors
Vaults:3 3 runed translucent doors, foobar1000's ghost, veteran SpHu
Depths:5 1 runed translucent door, exclusions: 2 draconian stormcallers, sensed monster (detected) and 1 more exclusion, DEFE's ghost, veteran MiGl


Innate Abilities, Weirdness & Mutations

You cannot be hasted, slowed, berserked, paralysed or teleported.
You can dig through walls and to a lower floor.
Your four strong arms can wield two-handed weapons with a shield.
You have a pair of large antennae on your head. (SInv)
You are partially covered in yellow scales. (AC +2)
You are frail. (-10% HP)
Your magical capacity is low. (-10% MP)
You are resistant to hostile enchantments. (MR+)
You are weak. (Str -2)


Message History

You block the shadow dragon's attack.
You block the +3 trident of protection's attack.
You hit the shadow dragon.
The shadow dragon is almost dead.
The +3 trident of protection hits you from afar!
You block the shadow dragon's attack. x2; The shadow dragon claws you!
* * * LOW HITPOINT WARNING * * *
You hit the shadow dragon.
The shadow dragon is almost dead.
You block the +3 trident of protection's attack.
The ironheart preserver mumbles some strange words.
The ironheart preserver begins to accept its allies' injuries.
You closely miss the shadow dragon.
The shadow dragon is almost dead.
You block the +3 trident of protection's attack.
You block the shadow dragon's attack.
The shadow dragon claws you but does no damage.
You block the shadow dragon's attack.
You slash the shadow dragon!
The shadow dragon is almost dead.
The +3 trident of protection barely misses you.
The shadow dragon breathes negative energy at you.
The bolt of negative energy hits you but does no damage.
You feel drained.
You closely miss the shadow dragon.
The shadow dragon is almost dead.
You block the +3 trident of protection's attack.
The shadow dragon closely misses you. The shadow dragon barely misses you.
The shadow dragon claws you but does no damage.
You completely miss the shadow dragon.
The shadow dragon is almost dead.
The +3 trident of protection hits you but does no damage. x2
The shadow dragon breathes negative energy at you.
The bolt of negative energy hits you!!
You feel drained.
* * * LOW HITPOINT WARNING * * *
You hit the shadow dragon.
The shadow dragon is almost dead.
The +3 trident of protection hits you from afar.
* * * LOW HITPOINT WARNING * * *
The ironheart preserver gestures wildly while chanting.
The ironheart preserver is healed somewhat.
You hit the shadow dragon.
The shadow dragon is almost dead.
The +3 trident of protection hits you from afar.
* * * LOW HITPOINT WARNING * * *
The shadow dragon bites you.
* * * LOW HITPOINT WARNING * * *
The shadow dragon claws you but does no damage.
You block the shadow dragon's attack.
You hit the shadow dragon.
The shadow dragon is almost dead.
The +3 trident of protection hits you but does no damage.
The shadow dragon misses you. You block the shadow dragon's attack.
The shadow dragon claws you but does no damage.
Okay, then.
You draw a card...
You have drawn Wild Magic.
The shadow dragon is blasted with magical energy!
The shadow dragon dies!
A ball of electricity appears!
The +3 trident of protection is blasted with searing flames!
The searing flames burn away its fire resistance!
The +3 trident of protection resists.
The two-headed ogre looks as sick as possible!
The two-headed ogre looks incredibly sick.
You feel a surge of magic.
A ball lightning comes into view.
You block the +3 trident of protection's attack.
The +3 trident of protection closely misses you.
You open the ironheart preserver like a pillowcase!!!
You kill the ironheart preserver!
The yaktaur captain shoots a bolt.
You block the bolt.
Your ball lightning explodes!
The blast of lightning engulfs the yaktaur captain!
The yaktaur captain is lightly wounded.
The blast of lightning engulfs the two-headed ogre!
The two-headed ogre is moderately wounded.
The blast of lightning engulfs the +3 trident of protection.
The +3 trident of protection completely resists.
The +3 trident of protection is lightly damaged.
You block the +3 trident of protection's attack.
You hear a shout! x4; You hear an angry hiss.
You hear a shout!
You dice the two-headed ogre like an onion!!!
You kill the two-headed ogre!
The yaktaur captain shoots a bolt.
The bolt hits you!
* * * LOW HITPOINT WARNING * * *
The +3 trident of protection hits you but does no damage.
The +3 trident of protection hits you but does no damage.
The yaktaur captain shoots a bolt.
The bolt hits you!!
* * * LOW HITPOINT WARNING * * *
The +3 trident of protection hits you but does no damage.
Items here: ! $ (( )))))))))))))))) = [[[[[[[[[[ †††††††† The yaktaur captain unwields a +0 arbalest.
The yaktaur captain wields a +5 vampiric hand axe.
You block the yaktaur captain's attack.
The +3 trident of protection hits you but does no damage.
Items here: ( ))) [[ You hit the yaktaur captain but do no damage.
The yaktaur captain is lightly wounded.
The yaktaur captain hits you with a +5 vampiric hand axe.
You die...
Your body disappears without a glow.

.##....#...{
#......./. {
###........######
.......).........
......<<).†......
.....<))<.......
......<<).......
###...)))c)#######
........)@)(......
....#...)#)###...
... #....#[# ..
#....#)# .
#....#)(#
#....#).#
#....#..#
#....#... #....


You could see a yaktaur captain and a +3 trident of protection.

Vanquished Creatures
  An ancient lich (Depths:1)
  Sojobo (Depths:2)
  Saint Roka (Depths:3)
  3 caustic shrikes
  Nikola (Spider:2)
  3 golden dragons (Vaults:5)
  2 bone dragons
  Jory (Vaults:5)
  A lich (Depths:2)
  2 tentacled monstrosities (Vaults:5)
  4 deep elf blademasters (Elf:3)
  2 deep elf master archers (Elf:3)
  2 quicksilver dragons
  A titan (Vaults:5)
  6 sphinxes
  4 tentacled starspawn (Depths:4)
  An acid blob (Vaults:2)
  6 tengu reavers
  Kirke (Spider:3)
  5 shadow dragons
  A thorn hunter (Swamp:3)
  Agnes (D:14)
  8 storm dragons
  A draconian monk (Depths:5)
  An iron dragon (Vaults:5)
  12 fire giants
  6 deep elf sorcerers (Elf:3)
  8 frost giants
  2 emperor scorpions
  5 ghost moths
  2 juggernaut zombies
  A caustic shrike zombie (Depths:4)
  An orc warlord (Orc:1)
  A cacodemon (Depths:3)
  11 vault wardens
  A caustic shrike skeleton (Depths:4)
  5 spriggan defenders (Depths:3)
  16 ironheart preservers
  26 very ugly things
  3 entropy weavers
  A war gargoyle (Vaults:5)
  2 deep elf elementalists (Vaults:5)
  17 stone giants
  3 deep elf demonologists (Elf:3)
  5 vampire knights (Depths:1)
  12 deep elf annihilators
  A red draconian (Depths:5)
  A yellow draconian (Depths:5)
  A purple draconian (Depths:5)
  4 spark wasps
  A crystal guardian (Vaults:5)
  8 ettins
  6 deep elf death magi
  5 rakshasas
  6 jiangshi
  A quicksilver dragon zombie (Depths:4)
  3 deep elf high priests
  10 fire dragons
  16 hydras
  14 great orbs of eyes
  33 vault guards
  16 yaktaur captains
  A ghost crab (Swamp:2)
  2 quicksilver dragon skeletons
  12 ice dragons
  8 centaur warriors
  4 spriggan air magi
  A catoblepas (Lair:6)
  A shambling mangrove (Swamp:2)
  69 two-headed ogres
  3 anacondas
  19 ogre magi
  3 death knights
  An anaconda (shapeshifter) (Vaults:4)
  9 alligators
  7 dancing weapons
  2 queen ants
  7 tengu warriors
  8 deep troll shamans
  8 deep troll earth magi
  5 vampire magi
  A spriggan berserker (Depths:3)
  3 thrashing horrors (Depths:4)
  2 titan zombies (Depths:4)
  2 wretched stars (Depths:4)
  13 skeletal warriors
  A titan skeleton (Depths:1)
  A storm dragon zombie (Depths:4)
  A fire crab (Spider:4)
  9 iron trolls
  17 deep elf knights
  A sixfirhy (Depths:4)
  2 golden dragon zombies (Depths:4)
  2 shadow wraiths
  2 glowing orange brains
  4 small abominations (Vaults:5)
  2 sea snakes
  2 unseen horrors (D:14)
  5 wizards
  4 swamp dragons
  14 deep elf archers
  5 flayed ghosts
  20 deep trolls
  9 ironbrand convokers
  10 orc knights
  A shadow dragon zombie (Depths:4)
  2 sphinx zombies (Depths:4)
  4 harpies (Vaults:3)
  2 stone giant zombies
  2 iron dragon zombies (Depths:4)
  44 deep elf magi
  A mana viper (shapeshifter) (Depths:3)
  4 phantasmal warriors
  5 necromancers
  13 orb spiders
  2 mana vipers
  5 cyclopes
  24 slime creatures
  8 orc sorcerers
  29 ugly things
  A worldbinder (Depths:4)
  2 salamanders
  A shining eye (Swamp:2)
  2 frost giant skeletons (Depths:2)
  A sphinx skeleton (Depths:2)
  25 wolf spiders
  5 centaur zombies
  A moth of wrath (Spider:4)
  6 elephants
  2 guardian serpents
  3 black mambas
  15 vault sentinels
  An orange demon (Depths:3)
  A rust devil (Depths:3)
  14 spiny frogs
  3 torpor snails
  A gargoyle (D:14)
  A spriggan skeleton (Depths:4)
  An apocalypse crab (Spider:1)
  13 komodo dragons
  2 rime drakes
  61 yaktaurs
  A tormentor (Depths:4)
  A golden dragon simulacrum (Depths:1)
  3 tengu conjurers
  12 freezing wraiths
  A hellwing (Depths:3)
  13 demonic crawlers
  An ice devil (Depths:4)
  2 trolls (shapeshifter)
  21 jumping spiders
  6 trolls
  A jumping spider (shapeshifter) (Depths:4)
  A wind drake (Spider:1)
  6 polar bears
  3 meliai
  12 tyrant leeches
  7 bog bodies
  15 hornets
  2 queen bees (shapeshifter)
  A raiju (Spider:1)
  A fire dragon zombie (Depths:1)
  A frost giant simulacrum (Depths:2)
  4 dream sheep (Lair:4)
  7 hippogriffs
  38 blink frogs
  A snapping turtle (Depths:3)
  5 elf zombies
  A vampire (D:14)
  4 wraiths
  A deep troll skeleton (Depths:1)
  2 shadows
  6 large abominations
  7 air elementals
  14 spriggans
  A fire dragon skeleton (Depths:1)
  4 hogs
  3 wyverns
  41 redbacks
  25 tarantellas
  A water elemental (Elf:2)
  16 humans
  A hog (shapeshifter) (Vaults:3)
  35 yaks
  2 fire elementals
  8 basilisks
  A steam dragon (Vaults:2)
  A neqoxec (Depths:3)
  12 vampire mosquitoes
  2 hungry ghosts
  3 fire bats (Volcano)
  13 swamp worms
  2 swamp worm simulacra (Swamp:4)
  8 wargs
  A deep troll zombie (Vaults:3)
  3 acid dragons
  8 water moccasins
  A porcupine (shapeshifter) (Vaults:4)
  2 sky beasts
  A floating eye (Vaults:2)
  2 hell hounds
  12 porcupines
  12 hydra simulacra (Swamp:4)
  7 swamp drakes
  2 ice beasts
  3 slaves (D:6)
  A hornet zombie (D:7)
  5 black bears
  40 orc warriors
  An eye of draining (D:15)
  2 ettin simulacra
  15 boggarts
  42 ogres
  A phantom (D:11)
  An eye of draining (shapeshifter) (Vaults:1)
  A deep troll simulacrum (Depths:1)
  37 centaurs
  14 wolves
  10 crocodiles
  2 big kobolds
  Blork the orc (D:6)
  14 bullfrogs
  3 earth elementals
  A water moccasin zombie (D:6)
  A wyvern skeleton (D:13)
  A glowing shapeshifter simulacrum (Vaults:3)
  6 scorpions
  A tengu zombie (Depths:1)
  7 killer bees
  11 wights
  A tengu skeleton (Depths:1)
  3 howler monkeys
  5 electric eels
  5 crimson imps
  A human simulacrum (Vaults:3)
  2 bullfrog zombies
  3 lava snakes (D:10)
  3 quasits
  38 orc wizards
  2 jellies
  21 orc priests
  2 bullfrog skeletons
  A gnoll shaman (D:3)
  4 hounds
  An iron imp (Depths:4)
  An iguana (D:11)
  Natasha (thrice) (D:4)
  3 worker ants
  A hound skeleton (D:5)
  A worker ant zombie (D:10)
  16 gnolls
  2 river rats
  9 adders
  9 shadow imps
  6 white imps
  6 swamp drake simulacra (Swamp:4)
  2 ufetubi (Depths:3)
  3 adder skeletons
  An adder zombie (D:9)
  2 worms (D:5)
  2 ball lightnings (Depths:1)
  3 dart slugs
  3 leopard geckos
  79 orcs
  16 giant cockroaches
  7 goblins
  6 hobgoblins
  12 jackals
  18 kobolds
  4 quokkas
  9 bats
  3 frilled lizards
  4 rats
  A crawling corpse (Vaults:5)
  4 fungi
  2 plants
  4 starspawn tentacles (Depths:4)
1922 creatures vanquished.

Vanquished Creatures (collateral kills)
  Boris (Vaults:2)
  2 caustic shrikes (Depths:5)
  Jorgrun (D:14)
  Rupert (D:14)
  A thorn hunter (Swamp:2)
  Donald (Swamp:2)
  A frost giant (Depths:4)
  2 vault wardens (Vaults:2)
  A stone giant (Orc:2)
  A deep elf demonologist (Elf:3)
  A deep elf annihilator (Elf:3)
  Azrael (D:14)
  2 ettins (Depths:2)
  A fire dragon (Depths:4)
  A deep elf high priest (Elf:3)
  2 centaur warriors
  2 two-headed ogres
  2 tengu warriors (Depths:4)
  2 ogre magi
  A spriggan berserker (Depths:3)
  Urug (D:13)
  A soul eater (Depths:4)
  A deep elf knight (Vaults:1)
  A flayed ghost (Vaults:2)
  A swamp dragon (Vaults:2)
  A torturous demonspawn (Depths:4)
  A glowing orange brain (Depths:2)
  3 orb spiders (Spider:4)
  Pikel (D:6)
  2 ugly things (Vaults:2)
  An ironbrand convoker (Vaults:2)
  3 orc sorcerers
  An orc knight (Orc:2)
  A wolf spider (Spider:4)
  A deep elf mage (Elf:3)
  A rust devil (Depths:4)
  A spiny frog (Lair:5)
  3 yaktaurs
  A demonic crawler (Lair:4)
  A tyrant leech (Swamp:2)
  2 jumping spiders (Spider:4)
  2 slime creatures (D:12)
  11 blink frogs
  6 redbacks (Spider:4)
  Sigmund (D:4)
  7 yaks
  2 tarantellas (Spider:4)
  A fire elemental (D:14)
  A fire bat (Vaults:2)
  A basilisk (Lair:3)
  Eustachio (D:4)
  A vampire mosquito (Swamp:2)
  A warg (Orc:2)
  4 hell hounds (D:14)
  3 orc warriors
  A porcupine (Lair:3)
  5 ogres
  A slave (D:6)
  A boggart (Vaults:2)
  A hornet simulacrum (D:14)
  A quasit (Depths:4)
  A hound (D:14)
  An orc wizard (Orc:2)
  A gnoll (Orc:2)
  A white imp (Depths:4)
  5 orcs (Orc:2)
  A fungus (Lair:3)
118 creatures vanquished.

Vanquished Creatures (others)
  Boris (Depths:4)
  A shadow dragon (Vaults:5)
  A frost giant (Depths:3)
  An ironheart preserver (Vaults:3)
  A deep elf death mage (Depths:1)
  A spriggan air mage (Depths:3)
  A two-headed ogre (Volcano)
  An alligator (Swamp:4)
  A vampire mage (Depths:1)
  An unseen horror (D:11)
  A glowing orange brain (Depths:3)
  A hornet (Spider:4)
  A bog body (Lair:2)
  A basilisk (Lair:6)
  A yak (Lair:4)
  2 humans (Spider:3)
  A swamp worm (Swamp:4)
  A swamp drake (Swamp:4)
  2 boggarts
  2 ogres
  An orc wizard (Orc:2)
  5 ball lightnings
  2 orcs (Orc:2)
  A jackal (D:4)
  15 fungi
  17 plants
64 creatures vanquished.

Grand Total: 2104 creatures vanquished

Notes
Turn   | Place    | Note
-------+----------+-------------------------------------------
     0 | D:1      | EnegeticOcto the Formicid Venom Mage began the quest for
                  | the Orb.
     0 | D:1      | Reached XP level 1. HP: 13/13 MP: 3/3
    51 | D:1      | Reached skill level 1 in Fighting
   163 | D:1      | Reached XP level 2. HP: 22/22 MP: 5/5
   442 | D:1      | Reached XP level 3. HP: 28/28 MP: 6/6
  1208 | D:2      | Found a burning altar of Makhleb.
  1261 | D:2      | Reached skill level 1 in Axes
  1261 | D:2      | Reached XP level 4. HP: 28/35 MP: 7/7
  1619 | D:2      | Found a sparkling altar of Nemelex Xobeh.
  1770 | D:2      | Became a worshipper of Nemelex Xobeh the Trickster
  2129 | D:3      | Reached skill level 1 in Invocations
  2129 | D:3      | Reached XP level 5. HP: 42/42 MP: 5/8
  2157 | D:3      | Received a gift from Nemelex Xobeh
  2705 | D:3      | Found a bloodstained altar of Trog.
  2853 | D:3      | Reached XP level 6. HP: 43/48 MP: 7/9
  3270 | D:3      | Found an opulent altar of Gozag.
  3274 | D:3      | Found Gozag's Platinum Reserve.
  3890 | D:4      | Found a shadowy altar of Dithmenos.
  3905 | D:4      | Noticed an ogre
  3927 | D:4      | Killed an ogre
  3927 | D:4      | Reached skill level 5 in Fighting
  3927 | D:4      | Reached XP level 7. HP: 25/56 MP: 10/10
  4184 | D:4      | Noticed Natasha
  4193 | D:4      | Killed Natasha
  4274 | D:4      | Noticed Sigmund
  4279 | D:4      | Noticed an insubstantial wisp
  4280 | D:4      | Killed Sigmund
  4372 | D:4      | Found a stormy altar of Qazlal.
  4406 | D:4      | Reached * piety under Nemelex Xobeh
  4770 | D:4      | Found a sparkling altar of Nemelex Xobeh.
  4806 | D:4      | Noticed Eustachio
  4833 | D:5      | Entered Level 5 of the Dungeon
  5265 | D:4      | Killed Eustachio
  5265 | D:4      | Reached XP level 8. HP: 64/64 MP: 11/11
  5286 | D:4      | Found a glowing golden altar of the Shining One.
  5342 | D:4      | Noticed Natasha
  5354 | D:4      | Killed Natasha
  5568 | D:4      | Noticed Natasha
  5778 | D:4      | Killed Natasha
  6256 | D:5      | Reached skill level 5 in Invocations
  6834 | D:5      | Reached skill level 5 in Axes
  6834 | D:5      | Reached skill level 1 in Armour
  6945 | D:5      | Found a white marble altar of Elyvilon.
  6978 | D:5      | Received a gift from Nemelex Xobeh
  7571 | D:6      | Reached XP level 9. HP: 45/71 MP: 13/13
  7750 | D:6      | Noticed Pikel
  7841 | D:6      | Killed Pikel
  7949 | D:6      | Found a sacrificial altar of Ru.
  7976 | D:6      | Received a gift from Nemelex Xobeh
  8028 | D:6      | Found a staircase to the Ecumenical Temple.
  8031 | D:6      | Reached ** piety under Nemelex Xobeh
  8246 | D:6      | Found a glowing silver altar of Zin.
  8515 | D:6      | Noticed Blork the orc
  8538 | D:6      | Killed Blork the orc
  9527 | D:6      | Gained mutation: Your magical capacity is low. (-10% MP)
                  | [potion of mutation]
  9527 | D:6      | Gained mutation: You are weak. (Str -2) [potion of
                  | mutation]
  9527 | D:6      | Gained mutation: You are resistant to hostile enchantments.
                  | (MR+) [potion of mutation]
 10547 | D:7      | Reached *** piety under Nemelex Xobeh
 10644 | D:8      | Found an iron altar of Okawaru.
 10822 | D:8      | Received a gift from Nemelex Xobeh
 10918 | D:8      | Reached XP level 10. HP: 70/80 MP: 14/14
 10999 | D:8      | Noticed a two-headed ogre
 11037 | D:8      | Killed a two-headed ogre
 11037 | D:8      | Reached skill level 5 in Armour
 11393 | D:8      | Found a snail-covered altar of Cheibriados.
 12056 | D:8      | Reached skill level 1 in Evocations
 12265 | D:8      | Received a gift from Nemelex Xobeh
 12388 | D:9      | Noticed a two-headed ogre
 12427 | D:8      | Killed a two-headed ogre
 13717 | D:9      | Reached **** piety under Nemelex Xobeh
 13717 | D:9      | Received a gift from Nemelex Xobeh
 13721 | D:9      | Noticed a rime drake
 13721 | D:9      | a yak changed into a rime drake
 13746 | D:9      | Killed a rime drake
 13763 | D:9      | Found a staircase to the Lair.
 14069 | D:9      | Reached XP level 11. HP: 84/89 MP: 16/16
 14226 | D:9      | Noticed a two-headed ogre
 14236 | D:9      | Killed a two-headed ogre
 15048 | D:10     | Entered Level 10 of the Dungeon
 15571 | D:11     | Noticed a two-headed ogre
 15573 | D:11     | a two-headed ogre changed into a snapping turtle
 16341 | Lair:1   | Entered Level 1 of the Lair of Beasts
 17008 | Lair:2   | Received a gift from Nemelex Xobeh
 17104 | Lair:2   | Reached skill level 10 in Invocations
 17106 | Lair:2   | Found a staircase to the Swamp.
 17120 | Lair:2   | Reached skill level 5 in Evocations
 17194 | Lair:2   | Reached skill level 10 in Fighting
 17848 | Lair:2   | Received a gift from Nemelex Xobeh
 17852 | Lair:2   | You fall into a shaft and drop 2 floors!
 17905 | Lair:4   | Noticed a four-headed hydra
 17907 | Lair:4   | Killed a four-headed hydra
 17955 | Lair:4   | Noticed a seven-headed hydra
 17965 | Lair:4   | Killed a seven-headed hydra
 17965 | Lair:4   | Reached XP level 12. HP: 21/99 MP: 18/18
 18754 | Lair:4   | Found a hole to the Spider Nest.
 19330 | Lair:4   | Noticed a swamp dragon
 19330 | Lair:4   | a dream sheep changed into a swamp dragon
 19333 | Lair:4   | Reached skill level 10 in Axes
 19335 | Lair:4   | Killed a swamp dragon
 19533 | Lair:4   | Reached ***** piety under Nemelex Xobeh
 19558 | Lair:4   | Received a gift from Nemelex Xobeh
 19833 | Lair:4   | Received a gift from Nemelex Xobeh
 21445 | Lair:3   | Received a gift from Nemelex Xobeh
 22262 | Lair:3   | Received a gift from Nemelex Xobeh
 23360 | Lair:4   | Reached XP level 13. HP: 77/108 MP: 16/20
 24155 | Lair:5   | HP: 4/108 [komodo dragon (17)]
 24828 | Lair:5   | Received a gift from Nemelex Xobeh
 24873 | Lair:5   | Found a staircase to the Slime Pits.
 24874 | Lair:5   | Found a viscous altar of Jiyva.
 25106 | Lair:5   | Noticed an ice dragon
 25108 | Lair:5   | Noticed an anaconda
 25108 | Lair:5   | an ice dragon changed into an anaconda
 25110 | Lair:5   | Killed an anaconda
 25310 | Lair:5   | Noticed an eight-headed hydra
 25314 | Lair:5   | Killed an eight-headed hydra
 26467 | Lair:6   | Entered Level 6 of the Lair of Beasts
 27356 | Lair:6   | Reached skill level 5 in Dodging
 28605 | Lair:6   | Noticed an anaconda
 28605 | Lair:6   | a spriggan rider changed into an anaconda
 28616 | Lair:6   | Killed an anaconda
 28616 | Lair:6   | Reached skill level 1 in Shields
 28635 | Lair:6   | Reached XP level 14. HP: 60/118 MP: 13/21
 32149 | Lair:6   | Received a gift from Nemelex Xobeh
 33023 | Lair:6   | Identified a +1 pair of boots of running (You found it on
                  | level 6 of the Lair of Beasts)
 33024 | Lair:6   | Identified a scroll of acquirement
 33288 | D:11     | Received a gift from Nemelex Xobeh
 33297 | D:11     | Noticed Sonja
 33777 | D:11     | Noticed Sonja
 33777 | D:11     | Sonja changed into Sonja the hog
 33802 | D:11     | Killed Sonja the hog
 36098 | D:11     | Received a gift from Nemelex Xobeh
 36712 | D:10     | Noticed Snorg
 36717 | D:10     | Noticed Snorg
 36717 | D:10     | Snorg changed into Snorg the salamander
 36730 | D:10     | Killed Snorg the salamander
 37017 | D:10     | Received a gift from Nemelex Xobeh
 37254 | D:12     | Found Ronixt's General Store.
 37811 | D:12     | Found a staircase to the Orcish Mines.
 37840 | D:12     | Reached XP level 15. HP: 53/125 MP: 10/22
 38011 | D:12     | Received a gift from Nemelex Xobeh
 38489 | D:13     | Noticed Urug
 38496 | D:13     | Killed Urug
 38574 | D:13     | Noticed Nessos
 38677 | D:13     | Noticed Nessos
 38677 | D:13     | Nessos changed into Nessos the mana viper
 38689 | D:13     | Killed Nessos the mana viper
 38849 | D:13     | Found a gate to the Vaults.
 38851 | D:13     | Received a gift from Nemelex Xobeh
 39521 | D:13     | Received a gift from Nemelex Xobeh
 40033 | D:14     | Noticed Jorgrun
 40331 | D:14     | Reached skill level 5 in Shields
 40450 | D:14     | Killed Jorgrun
 40598 | D:14     | Noticed Azrael
 40609 | D:14     | Noticed Agnes
 40615 | D:14     | Killed Azrael
 40625 | D:14     | You fall into a shaft and drop 1 floor!
 40625 | D:15     | Entered Level 15 of the Dungeon
 40805 | D:14     | You fall into a shaft and drop 1 floor!
 40805 | D:15     | Received a gift from Nemelex Xobeh
 41289 | D:15     | Found a shimmering blue altar of Sif Muna.
 41455 | D:14     | Noticed Rupert
 41472 | D:14     | Killed Rupert
 42098 | D:15     | Reached XP level 16. HP: 94/134 MP: 16/22
 42204 | D:15     | Found a staircase to the Depths.
 42327 | D:14     | Killed Agnes
 42327 | D:14     | Reached skill level 10 in Armour
 42385 | Orc:1    | Entered Level 1 of the Orcish Mines
 42385 | Orc:1    | Received a gift from Nemelex Xobeh
 42387 | Orc:1    | Noticed Gastronok
 42489 | Orc:1    | Noticed Gastronok
 42489 | Orc:1    | Gastronok changed into Gastronok the caustic shrike
 42493 | Orc:1    | Killed Gastronok the caustic shrike
 43120 | Orc:2    | Entered Level 2 of the Orcish Mines
 43178 | Orc:2    | Received a gift from Nemelex Xobeh
 43231 | Orc:2    | Found a dark tunnel.
 43328 | Volcano  | Entered a volcano
 44177 | Orc:2    | Found Koqepnit's Book Shoppe.
 44177 | Orc:2    | Found Mintuid's General Store.
 44196 | Orc:2    | Found a staircase to the Elven Halls.
 44830 | Orc:2    | Received a gift from Nemelex Xobeh
 44912 | Orc:2    | Found a roughly hewn altar of Beogh.
 45111 | Orc:2    | Found Zussemes's Jewellery Shoppe.
 45111 | Orc:2    | Found Ymicip's Distillery.
 45124 | Orc:2    | Bought a potion of heal wounds for 80 gold pieces
 45124 | Orc:2    | Bought 2 potions of heal wounds for 160 gold pieces
 45124 | Orc:2    | Bought a potion of curing for 48 gold pieces
 45124 | Orc:2    | Bought a potion of curing for 48 gold pieces
 45124 | Orc:2    | Bought a potion of might for 64 gold pieces
 45124 | Orc:2    | Bought a potion of agility for 64 gold pieces
 45133 | Orc:2    | Bought the ring "Oduaso" {Str+2 Slay+2 Stlth+} for 408 gold
                  | pieces
 45297 | Swamp:1  | Entered Level 1 of the Swamp
 46620 | Swamp:1  | Reached skill level 15 in Fighting
 46620 | Swamp:1  | Reached skill level 15 in Axes
 47576 | Swamp:2  | Noticed Donald
 47586 | Swamp:2  | Killed Donald
 48079 | Swamp:2  | Received a gift from Nemelex Xobeh
 48530 | Swamp:2  | Reached XP level 17. HP: 40/142 MP: 24/24
 49265 | Swamp:2  | Found a runed translucent door.
 49265 | Swamp:2  | Noticed a thorn hunter
 49292 | Swamp:2  | Killed a thorn hunter
 50269 | Swamp:3  | Received a gift from Nemelex Xobeh
 50912 | Swamp:3  | Noticed a thorn hunter
 50930 | Swamp:3  | Killed a thorn hunter
 52066 | Swamp:4  | Entered Level 4 of the Swamp
 52272 | Swamp:4  | Received a gift from Nemelex Xobeh
 54570 | Swamp:4  | Got a decaying rune of Zot
 54741 | Spider:1 | Entered Level 1 of the Spider Nest
 55190 | Spider:1 | Received a gift from Nemelex Xobeh
 55803 | Spider:1 | Reached skill level 10 in Dodging
 56452 | Spider:2 | Reached ****** piety under Nemelex Xobeh
 56455 | Spider:2 | Received a gift from Nemelex Xobeh
 56837 | Spider:2 | Reached skill level 10 in Shields
 57147 | Spider:2 | Reached XP level 18. HP: 117/151 MP: 25/25
 57298 | Spider:2 | Received a gift from Nemelex Xobeh
 57625 | Spider:2 | Noticed Nikola
 57630 | Spider:2 | Killed Nikola
 57791 | Spider:2 | Received a gift from Nemelex Xobeh
 57977 | Spider:2 | Received a gift from Nemelex Xobeh
 58712 | Spider:3 | Noticed Kirke
 58713 | Spider:3 | Killed Kirke
 58716 | Spider:3 | Received a gift from Nemelex Xobeh
 60226 | Spider:3 | Received a gift from Nemelex Xobeh
 60555 | Spider:3 | Noticed Aizul
 60557 | Spider:3 | Noticed Aizul
 60557 | Spider:3 | Aizul changed into Aizul the emperor scorpion
 60568 | Spider:3 | Killed Aizul the emperor scorpion
 60577 | Spider:3 | Noticed Mara
 60808 | Spider:4 | Entered Level 4 of the Spider Nest
 61925 | Spider:4 | Received a gift from Nemelex Xobeh
 63404 | Spider:4 | Reached skill level 15 in Invocations
 63410 | Spider:4 | Reached XP level 19. HP: 100/159 MP: 9/27
 63707 | Spider:4 | Got a gossamer rune of Zot
 64021 | Vaults:1 | Entered Level 1 of the Vaults
 64478 | Vaults:1 | Received a gift from Nemelex Xobeh
 65598 | Vaults:1 | Found a shimmering blue altar of Sif Muna.
 65735 | Vaults:1 | Received a gift from Nemelex Xobeh
 66770 | Vaults:1 | Received a gift from Nemelex Xobeh
 67366 | Vaults:2 | Noticed Xtahua
 67369 | Vaults:2 | Noticed Xtahua
 67369 | Vaults:2 | Xtahua changed into Xtahua the acid blob
 67380 | Vaults:2 | Killed Xtahua the acid blob
 67385 | Vaults:2 | Noticed Boris
 67407 | Vaults:2 | Killed Boris
 68084 | Vaults:2 | Identified the +0 chain mail of Qiunity {*Corrode MR+
                  | Stlth+} (You found it on level 2 of the Vaults)
 68244 | Vaults:2 | Reached XP level 20. HP: 168/168 MP: 28/28
 68783 | Vaults:2 | HP: 6/168 [cyan ugly thing (15)]
 69240 | Vaults:2 | Found Xaebb's Antique Armour Shoppe.
 69338 | Vaults:2 | Received a gift from Nemelex Xobeh
 69433 | Vaults:2 | Identified the +3 arbalest "Rep Aciomm" {speed, rPois rF+}
                  | (You found it on level 2 of the Vaults)
 70047 | Vaults:2 | Identified the +2 trident "Pegut" {chaos, *Rage *Drain
                  | rElec rPois}
 70459 | Vaults:2 | Received a gift from Nemelex Xobeh
 70605 | Vaults:2 | Found a staircase to the Crypt.
 70687 | Vaults:3 | Identified the +13 chain mail "Canwep" {rC+ SInv} (You
                  | found it on level 3 of the Vaults)
 71066 | Vaults:3 | Found a runed translucent gate.
 71067 | Vaults:3 | Found a runed translucent gate.
 71067 | Vaults:3 | Found a runed translucent gate.
 71068 | Vaults:3 | Noticed foobar1000's ghost (veteran SpHu)
 71652 | Vaults:3 | Received a gift from Nemelex Xobeh
 71699 | Vaults:3 | Reached XP level 21. HP: 176/176 MP: 30/30
 72660 | Vaults:4 | Received a gift from Nemelex Xobeh
 72804 | Vaults:4 | Found a sacrificial altar of Ru.
 72915 | Vaults:4 | Reached skill level 15 in Shields
 73044 | Vaults:4 | Received a gift from Nemelex Xobeh
 73336 | Vaults:4 | Received a gift from Nemelex Xobeh
 73611 | Elf:1    | Entered Level 1 of the Elven Halls
 73648 | Elf:1    | Found Nigrasm's General Store.
 73745 | Elf:1    | Received a gift from Nemelex Xobeh
 73946 | Elf:1    | Reached XP level 22. HP: 186/186 MP: 31/31
 74334 | Elf:1    | Received a gift from Nemelex Xobeh
 74594 | Depths:1 | Entered Level 1 of the Depths
 74600 | Depths:1 | Found Irpheiru's Elemental Accessories.
 75024 | Depths:1 | Received a gift from Nemelex Xobeh
 75122 | Depths:1 | Found a one-way gate leading to the halls of Pandemonium.
 75421 | Depths:1 | Noticed an ancient lich
 75423 | Depths:1 | Killed an ancient lich
 75492 | Depths:1 | Identified the Incunabulum of Evil Rituals
 75636 | Depths:1 | Received a gift from Nemelex Xobeh
 75667 | Depths:1 | Found a gateway to a ziggurat.
 75839 | Depths:1 | Found a gateway to Hell.
 75917 | Depths:1 | Got a clouded iron ring
 76682 | Depths:2 | Noticed Sojobo
 76729 | Depths:2 | Killed Sojobo
 76746 | Depths:2 | Reached XP level 23. HP: 163/196 MP: 33/33
 76851 | Depths:2 | Received a gift from Nemelex Xobeh
 77576 | Depths:2 | Identified the ring of Daicw {*Drain +Fly rPois Int+6} (You
                  | found it on level 1 of the Depths)
 77600 | Depths:3 | Received a gift from Nemelex Xobeh
 77666 | Depths:3 | Identified the +8 halberd of Gallantry {venom, *Corrode
                  | rElec rN+ Dex+2}
 77920 | Depths:3 | Identified the +8 longbow of the Open Hand {venom, -Tele
                  | rF++} (You found it on level 3 of the Depths)
 77966 | Depths:3 | Noticed the Enchantress
 77975 | Depths:3 | Noticed the Enchantress
 77975 | Depths:3 | the Enchantress changed into the Enchantress the storm
                  | dragon
 77976 | Depths:3 | Killed the Enchantress the storm dragon
 78015 | Depths:3 | HP: 7/201 [yaktaur captain/cursed -3 arbalest (9)]
 78409 | Depths:3 | Reached XP level 24. HP: 208/208 MP: 33/33
 78826 | Depths:3 | Identified the +7 trident "Cetuem" {holy, Str+2 Dex+7}
 78949 | Depths:3 | Found a shattered altar of Ashenzari.
 78953 | Depths:3 | Found a glowing silver altar of Zin.
 78953 | Depths:3 | Found a shimmering altar of Xom.
 78953 | Depths:3 | Found a shimmering altar of Xom.
 78981 | Depths:3 | Found a shattered altar of Ashenzari.
 79241 | Depths:3 | Noticed Saint Roka
 79282 | Depths:3 | Killed Saint Roka
 79382 | Depths:3 | Received a gift from Nemelex Xobeh
 79428 | Depths:3 | Found a portal to a secret trove of treasure.
 79548 | Depths:3 | Gained mutation: You are frail. (-10% HP) [a cacodemon]
 79549 | Depths:3 | Gained mutation: You are partially covered in yellow
                  | scales. (AC +2) [a cacodemon]
 79912 | Depths:4 | Received a gift from Nemelex Xobeh
 79915 | Depths:4 | Noticed Boris
 79928 | Depths:4 | Killed Boris
 80531 | Depths:4 | Found a one-way gate to the infinite horrors of the Abyss.
 80828 | Depths:4 | Found a transporter.
 80829 | Depths:4 | Found a transporter.
 80831 | Depths:4 | Found a corrupted altar of Lugonu.
 80969 | Depths:4 | Got a slimy lead amulet
 80999 | Depths:4 | Identified the amulet "Falefino" {Acrobat *Drain rPois rC+
                  | Int+6} (You found it on level 4 of the Depths)
 81110 | Depths:4 | HP: 9/190 [???[the player character] (7)]
 81552 | Depths:4 | Received a gift from Nemelex Xobeh
 81901 | Depths:4 | Found the +9 sword of Zonguldrok {reap}
 81916 | Depths:4 | Reached XP level 25. HP: 159/197 MP: 34/34
 82277 | Depths:5 | Entered Level 5 of the Depths
 82301 | Depths:5 | Identified the +1 pair of boots "Sere" {rPois rF- rN+} (You
                  | acquired it on level 5 of the Depths)
 82605 | Depths:5 | Received a gift from Nemelex Xobeh
 83352 | Depths:5 | Found a gate to the Realm of Zot.
 83436 | Depths:5 | Noticed a caustic shrike
 83436 | Depths:5 | Noticed a caustic shrike
 83436 | Depths:5 | Noticed a caustic shrike
 83437 | Depths:5 | Noticed a caustic shrike
 83438 | Depths:5 | Killed a caustic shrike
 83441 | Depths:5 | Killed a caustic shrike
 83443 | Depths:5 | Killed a caustic shrike
 83444 | Depths:5 | Killed a caustic shrike
 83587 | Depths:5 | Found a runed translucent door.
 83587 | Depths:5 | Found a shimmering altar of Xom.
 83587 | Depths:5 | Noticed DEFE's ghost (veteran MiGl)
 83696 | Depths:5 | Received a gift from Nemelex Xobeh
 84175 | Elf:2    | Found a radiant altar of Vehumet.
 84303 | Elf:2    | Found a huge runed translucent gate.
 84303 | Elf:2    | Found a huge runed translucent gate.
 84308 | Elf:2    | Found a huge runed translucent gate.
 84308 | Elf:2    | Found a huge runed translucent gate.
 84308 | Elf:2    | Found a huge runed translucent gate.
 84357 | Elf:2    | Found Woyqeite's Distillery.
 84611 | Elf:2    | Received a gift from Nemelex Xobeh
 84871 | Elf:2    | Bought a potion of curing for 45 gold pieces
 84871 | Elf:2    | Bought a potion of heal wounds for 75 gold pieces
 84871 | Elf:2    | Bought a potion of curing for 45 gold pieces
 85029 | Elf:3    | Entered Level 3 of the Elven Halls
 85104 | Elf:3    | Identified the +7 hand crossbow of Uskayaw's Castigation
                  | {velocity, *Slow rF+ Int+6 SInv} (You found it on level 3
                  | of the Elven Halls)
 85110 | Elf:3    | Received a gift from Nemelex Xobeh
 85588 | Elf:3    | Received a gift from Nemelex Xobeh
 86230 | Elf:3    | Received a gift from Nemelex Xobeh
 86284 | Elf:3    | Identified the ring of Gala {rC+ rN++}
 86380 | Elf:3    | Reached XP level 26. HP: 198/205 MP: 34/34
 86484 | Elf:3    | Identified the Grimoire of Earthen Toxins
 86869 | Vaults:5 | Entered Level 5 of the Vaults
 87009 | Vaults:5 | Noticed Jory
 87038 | Vaults:5 | Killed Jory
 87080 | Vaults:5 | Reached XP level 27. HP: 173/213 MP: 35/35
 87140 | Vaults:5 | Reached skill level 15 in Armour
 87193 | Vaults:5 | HP: 4/214 [yaktaur captain/bolt (18)]
 87195 | Vaults:5 | Slain by a yaktaur captain

Levels and vault maps discovered:
D:1:      dpeg_arrival_erosion, layout_loops_ring, st_stairs_14,
          minmay_pentomino_v4
D:2:      layout_rooms, nemelex_xobeh_ov_fountains_minmay,
          nicolae_overflow_hidden_temple, minmay_worlds_worst_comb
D:3:      layout_loops_ring, lemuel_round_altar,
          nicolae_gozag_zags_fifth_avenue, first_ration
D:4:      layout_gridville, nicolae_qazlal_eye_of_the_storm,
          nicolae_overflow_crystal_walls, tso_altar, roderic_cross_of_infinity,
          nemelex_diamond_rough_becter, uniq_sigmund, uniq_natasha,
          uniq_eustachio
D:5:      layout_loops_cross, elyvilon_altar_5
D:6:      layout_gridville, kennysheep_mini, nicolae_ru_sacrificial_ziggurat,
          minmay_temple_entry_slanted, serial_co_window_serial,
          co_window_of_opportunity_a, co_window_paths_b, co_window_corner_a,
          co_window_of_opportunity_a, co_window_corner_a,
          co_window_of_opportunity_b, co_window_broadway_c, co_window_corner_b,
          co_window_corner_b, co_window_unsneaky_path_c, co_window_2corner,
          co_window_corner_b, glass_columns_b, uniq_blork_the_orc, uniq_pikel
D:7:      layout_cave_pools
D:8:      layout_gridville, okawaru_trees_2, old_standard_altar, disabler_island
D:9:      layout_rooms, lair_entry_dummy
D:10:     erik_rubicon_a, layout_long_grid, uniq_snorg
D:11:     minmay_evil_eye, layout_basic, uniq_sonja
D:12:     layout_basic, orc_david_3, serial_shops, shop
D:13:     layout_basic, david_vaults_3, uniq_urug
D:14:     layout_cave_pools, uniq_jorgrun, uniq_rupert, uniq_agnes, uniq_azrael
D:15:     grunt_enter_depths_hoard, layout_rooms, basic_altar,
          serial_park_tiny_pond
Lair:1:   layout_roguey, hangedman_lair_unloving_vines,
          nicolae_quartered_pool_medium
Lair:2:   layout_cave_shapes, skrybe_swamp_entry_bodies
Lair:3:   layout_chaotic_city, st_stairs_7, kennysheep_basilisk_garden,
          serial_bayou_shore_b, grunt_megastairs_1, lemuel_fruit_fields
Lair:4:   layout_regular_city, dummy_spider_entry, st_stairs_11,
          grunt_megastairs_4, minmay_lair_oklob_chamber, lemuel_fruit_fields
Lair:5:   layout_loops_ring, slime_altar_1, bobbens_ice_dragon_lair,
          grunt_megastairs_3
Lair:6:   minmay_lair_end_enchanted_forest, layout_big_grid,
          chequers_serial_rivers_small_b
Swamp:1:  layout_basic_swamp, nicolae_swamp_little_tower
Swamp:2:  gammafunk_mikee_crab_dinner, layout_basic_swamp,
          evilmike_swamp_ruin_house_2, infiniplex_staircase_pool, uniq_donald
Swamp:3:  layout_basic_swamp, serial_swamp_ruin, evilmike_swamp_ruin_house_6,
          evilmike_swamp_ruin_house_3, swamp_pool3
Swamp:4:  swamp_icy, layout_basic_swamp, swamp_pool2
Spider:1: layout_spider_delve
Spider:2: layout_chambers, uniq_nikola
Spider:3: layout_chambers, uniq_mara, uniq_aizul, uniq_kirke
Spider:4: spider_rune_water, spiders_nest_the_unseen
Orc:1:    layout_caves, serial_shops, shop, shop, nicolae_shop_statue_plus,
          uniq_nergalle, uniq_gastronok
Orc:2:    st_orc_town, layout_caves, nicolae_volcano_entry_s_turn
Elf:1:    eino_elf_arrival_shootout, layout_onion_city, serial_shops,
          nicolae_shop_trees, minmay_misc_feat_ornament
Elf:2:    layout_geoelf_octagon, serial_shops, nicolae_shop_statue_plus,
          basic_altar
Elf:3:    minmay_elf_hall_furrowed, layout_onion_city, dk_noncrumbling_3,
          eino_tiny_chamber
Vaults:1: nicolae_vaults_ninety_degrees, v_misc_29, ontoclasm_vaults_ring_small,
          vaults_dpeg_hooks, layout_vaults_omnigrid, basic_altar
Vaults:2: v_misc_30, nicolae_vaults_shelves_hall, v_misc_15,
          minmay_crypt_entry_simple_box, nicolae_vaults_yaktaur_gun_rack,
          nicolae_vaults_border_crossing, v_pattern_3, v_misc_18,
          vaults_mumra_chevron_long, nicolae_vaults_three_branches, v_misc_16,
          nicolae_vaults_rhombus_6, layout_vaults_omnicross, serial_shops,
          nicolae_shop_stone, uniq_xtahua, uniq_boris
Vaults:3: gammafunk_vaults_ghost_necromancy, v_misc_15,
          ontoclasm_vaults_gateway, v_misc_18, vaults_dpeg_cross,
          vaults_standard_mumra_enter_the_diamond, v_misc_2,
          ontoclasm_vaults_fault, nicolae_vaults_mini_display_case,
          layout_vaults_maze_snakey
Vaults:4: nicolae_vaults_twisting_passages, v_misc_11, ontoclasm_vaults_spin,
          hangedman_vaults_maws, vaults_standard_mumra_x,
          nicolae_vaults_asterisk, nicolae_vaults_holding_cells, v_misc_8,
          layout_vaults_big_room, basic_altar
Vaults:5: serial_shops, uniq_jory
Depths:1: layout_gridville, enter_ziggurat_e, glass_columns_a, special_room
          [special_room_morgue], rand_demon_pan_entry_9,
          grunt_hell_entry_dis_grunt, nicolae_elemental_shop,
          serial_sigils_hangedman_scratch
Depths:2: kennysheep_windowed_halls, layout_twisted_cross, hell_entry,
          minmay_misc_feat_diagonals, uniq_sojobo
Depths:3: minmay_the_grid_octo_tiled_octocenter [minmay_the_grid_octo_pinwheel,
          minmay_the_grid_octo_odd_swirl, minmay_the_grid_octo_clover,
          minmay_the_grid_octo_shrine, minmay_the_grid_octo_prize_star,
          minmay_the_grid_square_5x5_six_small,
          minmay_the_grid_square_5x5_inset, minmay_the_grid_square_5x5_lines,
          minmay_the_grid_square_5x5_fat_x], layout_gridville,
          trove_entry_hex_spiral, grunt_pan_entry_in_and_out, hell_entry,
          ashenzari_altar_1, infiniplex_staircase_pool_2, uniq_saint_roka,
          uniq_enchantress
Depths:4: gammafunk_corrupted_shrine, layout_basic, abyss_entry,
          grunt_pan_entry_zigzag, pf_coc_iceberg, minmay_misc_feat_chi,
          minmay_guarded_unrand_zonguldrok, infiniplex_staircase_zigzag_2
Depths:5: evilmike_zot_entry_argh, layout_cave_pools, pf_dread_powers_of_hell,
          serial_glass, glass_columns_b, glass_columns_a, ebering_ghost_xom

Skill      XL: |  1  2  3  4  5  6  7  8  9 10 11 12 13 14 15 16 17 18 19 20 21 22 23 24 25 26 27 |
---------------+----------------------------------------------------------------------------------+-----
Fighting       | 1 2 3 4 5 6 8 9 10 12 13 14 15 16 17 18 20 21 22 23 24 | 24.2
Axes           | 1 2 3 4 5 6 7 9 10 11 12 14 15 16 17 18 19 20 | 20.0
Invocations    | 1 2 3 4 6 7 9 10 12 13 14 15 16 17 19 21 22 23 24 | 24.6
Armour         | 2 4 5 6 8 9 10 11 12 14 15 | 15.0
Dodging        | 3 4 5 7 8 9 10 12 | 12.0
Evocations     | 3 5 6 8 |  8.0
Shields        | 1 3 6 8 10 11 12 13 15 | 15.0
Stealth        | |  2.4
Spellcasting   | |  2.1
Conjurations   | |  0.8
Poison Magic   | |  4.0

Action                   |  1- 3 |  4- 6 |  7- 9 | 10-12 | 13-15 | 16-18 | 19-21 | 22-24 | 25-27 || total
-------------------------+-------+-------+-------+-------+-------+-------+-------+-------+-------++-------
Melee: Dagger            |    43 |       |       |       |       |       |       |       |       ||    43
       Unarmed           |     3 |       |       |       |    12 |       |       |       |       ||    15
       Hand axe          |    22 |   206 |   463 |   185 |       |       |       |       |       ||   876
       War axe           |       |       |    52 |   381 |  1928 |       |       |       |       ||  2361
       Battleaxe         |       |       |       |   178 |   215 |  1534 |  1364 |  1391 |   874 ||  5556
Throw: Dart              |       |       |       |     3 |    62 |    11 |       |       |       ||    76
       Throwing net      |       |       |       |       |       |       |       |       |     1 ||     1
 Cast: Sting             |     5 |    13 |       |       |       |       |       |       |       ||    18
Invok: Stack Five        |       |       |       |       |     1 |     1 |       |       |       ||     2
       Triple Draw       |       |       |       |       |     3 |     7 |       |       |       ||    10
       Deal Four         |       |       |       |       |       |     6 |     1 |     5 |     1 ||    13
 Abil: Draw Destruction  |       |     5 |     2 |    17 |    24 |    29 |     7 |     4 |     9 ||    97
       Draw Summoning    |       |     1 |     4 |     7 |     8 |    14 |     7 |     4 |     2 ||    47
       Dig               |       |       |     3 |     5 |    15 |    20 |       |     1 |     1 ||    45
       Draw Escape       |       |       |       |       |     1 |     1 |       |       |       ||     2
       Draw Stack        |       |       |       |       |     3 |       |     1 |       |       ||     4
       Shaft Self        |       |       |       |       |     1 |       |       |       |       ||     1
Evoke: Wand              |       |       |    11 |    37 |    33 |    27 |     5 |     5 |     1 ||   119
       Phial of floods   |       |       |       |       |     2 |     3 |     2 |     1 |       ||     8
       Lamp of fire      |       |       |       |       |       |       |       |     2 |     1 ||     3
  Use: Scroll            |       |    14 |     4 |     5 |     7 |     9 |    10 |     6 |     6 ||    61
       Potion            |       |       |     8 |       |     6 |    18 |     3 |     7 |       ||    42
 Stab: Sleeping          |     1 |     2 |       |       |       |       |       |       |       ||     3
       Distracted        |       |       |       |     2 |     2 |     3 |     3 |     2 |     1 ||    13
       Confused          |       |       |       |       |     1 |       |       |       |       ||     1
       Petrified         |       |       |       |       |    28 |     1 |     2 |       |       ||    31
       Paralysed         |       |       |       |       |    11 |       |       |       |       ||    11
       Petrifying        |       |       |       |       |     4 |       |     1 |       |       ||     5
       Invisible         |       |       |       |       |       |     7 |       |     9 |       ||    16
       Held in net/web   |       |       |       |       |       |     1 |       |       |       ||     1
  Eat: Chunk             |     1 |     7 |    17 |    38 |    54 |    27 |    25 |    15 |     9 ||   193
       Ration            |       |     1 |     3 |     3 |     4 |    13 |     2 |     4 |     1 ||    31
Armor: Robe              |    10 |       |       |       |       |       |       |       |       ||    10
       Ring mail         |     7 |   100 |       |       |       |       |       |       |       ||   107
       Scale mail        |       |    32 |    48 |       |       |       |       |       |       ||    80
       Chain mail        |       |       |   198 |   417 |   965 |   847 |   318 |   484 |   414 ||  3643
       Troll leather arm |       |       |       |       |   223 |     9 |       |       |       ||   232
       Skin              |       |       |       |       |    56 |       |       |     6 |       ||    62
Dodge: Dodged            |    51 |   159 |   236 |   353 |  1134 |   584 |   280 |   311 |   245 ||  3353
Block: Buckler           |       |       |       |       |   339 |       |       |       |       ||   339
       Large shield      |       |       |       |       |   233 |  1374 |   936 |   970 |   744 ||  4257
